 Dungeon Crawl Stone Soup version 0.30-a0-728-gc68057be0a (webtiles) character file.

Game seed: 797500147384918350

5170 hikkokomori the Trooper (level 10, -3/118 HPs)
             Began as a Demonspawn Gladiator on Feb 1, 2023.
             Was an Elder of Okawaru.
             Slain by an orc warrior
             ... wielding a +0 war axe
              (17 damage)
             ... in a bailey.
             The game lasted 00:17:24 (6203 turns).

hikkokomori the Trooper (Demonspawn Gladiator)      Turns: 6203, Time: 00:17:25

Health: -3/118     AC: 25    Str: 15    XL:     10   Next: 34%
Magic:  17/17      EV:  2    Int: 10    God:    Okawaru [****..]
Gold:   493        SH:  5    Dex: 20    Spells: 19/19 levels left

rFire   . . .      SeeInvis .    a - +0 long sword (heavy)
rCold   . . .      Faith    .    (no shield)
rNeg    . . .      Spirit   .    (body armour currently unavailable)
rPois   +          Reflect  +    (helmet currently unavailable)
rElec   .          Harm     .    (cloak currently unavailable)
rCorr   .          Rampage  .    (gloves currently unavailable)
Will    .....      NoTele   +    (boots currently unavailable)
Stlth   ++++                     y - amulet of reflection
HPRegen 0.39/turn                m - ring of wizardry
MPRegen 0.30/turn                z - +5 ring of evasion

@: mighty, tree-form, invisible
A: stationary, stasis, torment immunity, boosted hp, thin skeletal structure 1,
(spiny 2), magic regeneration, (demonic touch 1)
a: Renounce Religion, Heroism, Finesse


You were in a bailey.
You worshipped Okawaru.
Okawaru was greatly pleased with you.
You were a tree.
You visited 2 branches of the dungeon, and saw 10 of its levels.
You also visited: Bailey.

You collected 493 gold pieces.

Inventory:

Hand Weapons
 a - a +0 heavy long sword (weapon)
Missiles
 d - 4 throwing nets (quivered)
 I - 2 silver javelins
Armour
 b - a +0 leather armour
 c - a +1 helmet (melded)
 e - a +1 robe of the Archmagi
 i - a +3 scale mail
 n - a +0 pair of gloves (melded)
 w - a +1 leather armour of cold resistance
 B - the +3 kite shield of the Monkey {rF++ Will- rCorr SInv}
   (You acquired it in a bailey)

   rF:        It greatly protects you from fire.
   SInv:      It lets you see invisible.
   rCorr:     It protects you from acid and corrosion.
   Will:      It decreases your willpower.
 D - the +0 ring mail "Ynebb" (melded) {Rampage *Slow Dex+5 Slay+2}
   (You found it on level 5 of the Dungeon)

   Dex:       It affects your dexterity (+5).
   Slay:      It affects your accuracy & damage with ranged weapons and melee
   (+2).
   *Slow:     It may slow you when you take damage.
   Rampage:   It bestows one free step when moving towards enemies.
Jewellery
 h - a +6 ring of intelligence
 m - a ring of wizardry (left branch)
 y - an amulet of reflection (around neck)
 z - a +5 ring of evasion (right branch)
Wands
 C - a wand of flame (17)
Scrolls
 g - a scroll of amnesia
 o - 2 scrolls of poison
 p - 4 scrolls of brand weapon
 s - 4 scrolls of teleportation
 u - a scroll of noise
 E - a scroll of vulnerability
 H - a scroll of immolation
Potions
 f - a potion of resistance {unknown}
 k - 3 potions of lignification
 l - a potion of degeneration {unknown}
 q - 4 potions of curing
 r - a potion of cancellation {unknown}
 t - a potion of attraction
 v - 2 potions of might
 A - 2 potions of mutation {unknown}
 F - 2 potions of ambrosia {unknown}
 G - 2 potions of magic {unknown}


   Skills:
 + Level 7.4 Fighting
 + Level 7.1 Long Blades
 - Level 1.7 Throwing
 - Level 4.8 Armour
 - Level 6.3 Dodging
 - Level 4.1 Stealth
 + Level 1.0 Shields
 + Level 5.0 Spellcasting
 - Level 3.9 Invocations


You had 19 spell levels left.
You didn't know any spells.
Your spell library contained the following spells:

 Spells                   Type           Power      Damage    Failure   Level
 Slow                     Hex            8%         N/A       9%          1
 Sting                    Tmut/Pois      8%         1d3       9%          1
 Poisonous Vapours        Pois/Air       4%         N/A       14%         2
 Confusing Touch          Hex            2%         N/A       26%         3
 Inner Flame              Hex/Fire       2%         N/A       26%         3
 Portal Projectile        Hex/Tloc       4%         N/A       26%         3
 Vampiric Draining        Necr           2%         2d6       26%         3
 Flame Wave               Conj/Fire      2%         2d4       63%         4
 Olgreb's Toxic Radiance  Pois           2%         N/A       63%         4
 Sticky Flame             Conj/Fire      2%         2d3       63%         4
 Blade Hands              Tmut           1%         N/A       91%         5
 Borgnjor's Revivificati  Necr           1%         N/A       100%        8
 Necromutation            Tmut/Necr      1%         N/A       100%        8
 Death's Door             Necr           1%         N/A       100%        9
 Tukima's Dance           Hex            Unusable   N/A       N/A         3

Dungeon Overview and Level Annotations

Branches:
Dungeon (10/15)            Temple (1/1) D:4            Lair (0/5) D:9
    Orc (0/2) D:10         Bailey (1/1)

Altars:
Ashenzari
Dithmenos
Fedhas
Gozag
Hepliaklqana
Makhleb
Okawaru
Qazlal
Ru
Sif Muna
Trog
Uskayaw
Vehumet
Wu Jian
Xom
Yredelemnul


Innate Abilities, Weirdness & Mutations

You are a tree.
Your roots penetrate the ground, keeping you stationary.
You cannot be teleported.
You are immune to unholy pain and torment.
Your maximum health is greatly increased.
Your equipment is partially melded.
You have a somewhat thin skeletal structure. (Dex +2, Stealth+)
((You are mostly covered in sharp spines.))
You regenerate magic rapidly.
((Your touch may inflict minor irresistible damage on your foes.))


Message History

The sixfirhy disappears in a puff of smoke!
The orc warrior completely misses you.
The orc warrior hits you with a +0 war axe!
* * * LOW HITPOINT WARNING * * *
The orc knight barely misses you.
You hit the orc warrior.
The orc warrior is severely wounded.
The crimson imp disappears in a puff of smoke!
The orc no longer looks unusually strong.
The orc warrior hits you with a +0 war axe!
* * * LOW HITPOINT WARNING * * *
The orc knight roars a battlecry!
The orc goes into a battle-frenzy!
The orc warrior hits you but does no damage.
The orc warrior hits you with a +0 war axe!
* * * LOW HITPOINT WARNING * * *
You slash the orc warrior!
You kill the orc warrior!
Okawaru accepts your kill.
The quasit disappears in a puff of smoke!
The orc warrior no longer looks unusually strong.
The orc knight hits you with a +0 war axe.
* * * LOW HITPOINT WARNING * * *
The orc warrior hits you with a +0 war axe.
* * * LOW HITPOINT WARNING * * *
The orc knight hits you but does no damage.
The quasit bites you but does no damage.
The quasit claws you but does no damage. x2
Your Shields skill increases to level 1!
You feel better.
The orc warrior hits you but does no damage.
The quasit bites you but does no damage.
The quasit claws you but does no damage. x2
The orc knight roars a battlecry!
The orc warrior goes into a battle-frenzy!
Okay, then.
It was a potion of might.
You feel very mighty all of a sudden.
The orc warrior hits you with a +0 war axe!
You die...

≈≈≈≈≈÷.#.8#### ####8.#.~≈≈≈≈≈
≈≈≈≈≈~.#).# ..... #..#.~≈≈≈≈≈
≈≈≈≈≈~.#.8# ... #8.#.~≈≈≈≈≈
≈≈≈≈≈~.#..# ._. #))#.~≈≈≈≈≈
≈≈≈≈≈~.##'# ... #'##.~≈≈≈≈≈
≈≈≈≈≈~.#))# ##§## #..#.~≈≈≈≈≈
≈≈≈≈≈~.#..# #.oK# #..#.~≈≈≈≈≈
≈≈≈≈≈~.#..# #oo5# #..#.~≈≈≈≈≈
≈≈≈≈≈~.#..## #8♣8# ##..#.~≈≈≈≈≈
≈≈≈≈≈~.#..#. #.).# .#..#.~≈≈≈≈≈
≈≈≈≈≈#'#'##'###8.8###'##'#'#≈≈≈≈≈
≈≈≈≈≈#.)..#.:.#...#.[.#.)).#≈≈≈≈≈
≈≈≈≈≈#..).#.!.#...#.[[#..).#≈≈≈≈≈
≈≈≈≈≈###.)######.######..###≈≈≈≈≈
≈≈≈≈ #.'....)...∩........'.# ≈≈≈≈
≈≈≈ ######~~~~~~~~~~~###### ≈≈≈
≈≈≈≈≈≈≈≈≈≈≈≈≈≈≈≈≈≈≈


You could see an orc knight (unable to see you), a kobold demonologist (unable
to see you), an orc warrior (strong, unable to see you), a quasit (summoned,
unable to see you) and an orc (strong, unable to see you).

Vanquished Creatures
  An orc high priest (Bailey)
  An orc knight (Bailey)
  Sigmund (D:4)
  A basilisk (D:9)
  3 vampire mosquitoes (D:10)
  An acid dragon (D:10)
  A water moccasin (D:6)
  9 orc warriors
  3 sky beasts
  3 ogres
  A black bear (D:5)
  2 wolves (D:9)
  A centaur (D:10)
  3 scorpions
  5 killer bees (D:9)
  6 electric eels
  2 howler monkeys
  A gnoll bouda (D:7)
  3 orc priests
  7 hounds
  2 iguanas (D:5)
  3 orc wizards (D:10)
  16 gnolls
  12 adders
  2 shadow imps (D:6)
  A white imp (D:6)
  An ufetubus (D:6)
  3 dart slugs
  30 orcs
  6 endoplasms
  A giant cockroach (D:4)
  12 goblins
  9 hobgoblins
  6 jackals
  4 kobolds
  2 quokkas
  10 ball pythons
  4 bats
  3 frilled lizards
  3 rats
  A spectral orc (D:9)
186 creatures vanquished.

Notes
Turn   | Place    | Note
-------+----------+-------------------------------------------
     0 | D:1      | hikkokomori the Demonspawn Gladiator began the quest for
                  | the Orb.
     0 | D:1      | Reached XP level 1. HP: 16/16 MP: 1/1
   372 | D:1      | Gained mutation: You are partially covered in sharp spines.
                  | [demonic ancestry]
   372 | D:1      | Reached XP level 2. HP: 20/22 MP: 2/2
   735 | D:2      | Found an ornate altar of the Wu Jian Council.
   780 | D:2      | Reached skill level 1 in Stealth
   824 | D:2      | Gained mutation: You regenerate magic rapidly. [demonic
                  | ancestry]
   824 | D:2      | Reached XP level 3. HP: 28/28 MP: 3/3
  1389 | D:3      | Reached XP level 4. HP: 34/34 MP: 4/4
  1752 | D:3      | Reached XP level 5. HP: 38/41 MP: 5/5
  2108 | D:4      | Noticed Sigmund
  2132 | D:4      | Killed Sigmund
  2133 | D:4      | Gained mutation: You are mostly covered in sharp spines.
                  | [demonic ancestry]
  2133 | D:4      | Reached XP level 6. HP: 37/48 MP: 6/6
  2280 | D:4      | Found a staircase to the Ecumenical Temple.
  2313 | Temple   | Entered the Ecumenical Temple
  2408 | D:4      | Noticed a sky beast
  2430 | D:4      | Killed a sky beast
  2790 | D:4      | Found an iron altar of Okawaru.
  2817 | D:4      | Became a worshipper of Warmaster Okawaru
  2833 | D:4      | Reached XP level 7. HP: 54/54 MP: 7/7
  3176 | D:5      | Entered Level 5 of the Dungeon
  3326 | D:5      | Reached * piety under Okawaru
  3337 | D:5      | Found a shadowy altar of Dithmenos.
  3411 | D:5      | Identified the +0 ring mail "Ynebb" {Rampage *Slow Dex+5
                  | Slay+2}
  3592 | D:5      | Reached skill level 1 in Invocations
  3617 | D:5      | Reached skill level 5 in Fighting
  3617 | D:5      | Reached skill level 5 in Long Blades
  3617 | D:5      | Reached skill level 1 in Armour
  3617 | D:5      | Reached skill level 1 in Spellcasting
  3617 | D:5      | Gained mutation: You have a somewhat thin skeletal
                  | structure. (Dex +2, Stealth+) [demonic ancestry]
  3617 | D:5      | Reached XP level 8. HP: 58/62 MP: 9/9
  4197 | D:6      | Reached ** piety under Okawaru
  4700 | D:7      | Found a radiant altar of Vehumet.
  4769 | D:7      | You fall into a shaft and drop 3 floors!
  4769 | D:10     | Entered Level 10 of the Dungeon
  4811 | D:10     | Reached XP level 9. HP: 45/69 MP: 13/13
  4814 | D:10     | Reached skill level 5 in Dodging
  4821 | D:10     | Reached *** piety under Okawaru
  4956 | D:10     | Found a staircase to the Orcish Mines.
  5187 | D:9      | Found a hazy altar of Hepliaklqana.
  5208 | D:9      | Noticed a troll
  5248 | D:9      | Found a staircase to the Lair.
  5372 | D:9      | Found a flagged portal.
  5439 | Bailey   | Entered a bailey
  5464 | Bailey   | Noticed an orc knight
  5492 | Bailey   | Killed an orc knight
  5492 | Bailey   | Reached **** piety under Okawaru
  5714 | Bailey   | Noticed an orc high priest
  5721 | Bailey   | Noticed a rust devil
  5721 | Bailey   | Noticed a rust devil
  5724 | Bailey   | Killed an orc high priest
  5725 | Bailey   | Gained mutation: Your touch may inflict minor irresistible
                  | damage on your foes. [demonic ancestry]
  5725 | Bailey   | Reached XP level 10. HP: 63/79 MP: 14/17
  6015 | Bailey   | Acquired the +3 kite shield of the Monkey {rF++ Will- rCorr
                  | SInv}
  6140 | Bailey   | Received a gift from Okawaru
  6141 | Bailey   | Reached skill level 5 in Spellcasting
  6177 | Bailey   | Found an iron altar of Okawaru.
  6177 | Bailey   | Noticed an orc knight
  6185 | Bailey   | Noticed a sixfirhy
  6188 | Bailey   | Noticed a rust devil
  6194 | Bailey   | HP: 5/118 [orc warrior/+0 war axe (16)]
  6194 | Bailey   | HP: 1/118 [orc knight/+0 war axe (4)]
  6202 | Bailey   | Reached skill level 1 in Shields
  6203 | Bailey   | Slain by an orc warrior

Illustrated notes

Levels and vault maps discovered:
D:1:      dpeg_arrival_ternary, layout_basic, glass_columns_b
D:2:      layout_basic, basic_altar, moated_statue
D:3:      layout_basic, moated_statue, hangedman_decor_lopped,
          hangedman_abyss_or_decor_lesser_grid
D:4:      layout_basic, mainiacjoe_overflow_paths, minmay_temple_entry_tees,
          nicolae_elevator_lobby_asterisk, uniq_sigmund
D:5:      layout_loops_cross, grunt_dithmenos_smoke_and_mirrors,
          grunt_ministairs_6
D:6:      layout_basic
D:7:      layout_basic, nicolae_vehumet_radiance, kennysheep_mini_moat,
          marbit_many_paths
D:9:      layout_roguey, nemelex_diamond_rough_becter,
          nicolae_hepliaklqana_monster_ancestors, erik_lair_island,
          enter_bailey_2, minmay_nine_imps
D:10:     layout_rooms, hiddenorc2_lemuel, minmay_misc_feat_four_crosses
Temple:   minmay_freezing_vapour_temple
Bailey:   bailey_axe_of_yendor_kennysheep, bailey

Skill      XL: |  1  2  3  4  5  6  7  8  9 10 |
---------------+-------------------------------+-----
Stealth        | 1 2 3 4 |  4.1
Long Blades    | 3 4 5 6 7 |  7.1
Dodging        | 3 4 6 |  6.3
Fighting       | 3 4 5 7 |  7.4
Invocations    | 1 3 |  3.9
Armour         | 1 2 4 |  4.8
Spellcasting   | 1 2 4 5 |  5.0
Shields        | 1 |  1.0
Throwing       | |  1.7

Action                     |  1- 3 |  4- 6 |  7- 9 | 10-12 || total
---------------------------+-------+-------+-------+-------++-------
  Melee: Long sword        |    54 |    74 |   220 |    40 ||   388
         Punch             |     1 |       |     3 |     2 ||     6
         Touch             |       |       |       |     4 ||     4
  Throw: Javelin           |       |     2 |     1 |       ||     3
 Invoke: Heroism           |       |       |     2 |     1 ||     3
  Evoke: Wand              |       |       |     5 |     5 ||    10
    Use: Scroll            |     3 |     1 |    15 |     2 ||    21
         Potion            |       |       |     1 |    11 ||    12
   Stab: Sleeping          |       |     1 |     5 |       ||     6
         Distracted        |       |       |     2 |       ||     2
         Invisible         |       |       |     3 |     2 ||     5
 Armour: Scale mail        |    21 |    23 |    19 |       ||    63
         Leather armour    |     2 |       |       |       ||     2
         Ring mail         |       |       |    20 |     1 ||    21
         Skin              |       |       |       |    24 ||    24
  Dodge: Dodged            |    31 |    43 |   162 |    29 ||   265
  Block: Other             |       |    19 |    67 |    11 ||    97
         Reflection        |       |       |     2 |       ||     2

Table legend: (Time is in decaauts)
 A = Elapsed time spent in this place.
 B = Non-inter-level travel time spent in this place.
 C = Inter-level travel time spent in this place.
 D = Time resting spent in this place.
 E = Time spent auto-exploring this place.
 F = Levels seen in this place.
 G = Mean time per level.
                   A        B        C        D        E       F      G
               +--------+--------+--------+--------+--------+-----+--------+
         Total |   6332 |   6129 |    203 |    425 |   4028 |  11 |  575.6 |
       Dungeon |   5535 |   5332 |    203 |     77 |   3913 |   9 |  615.0 |
        Temple |      1 |      1 |      0 |      0 |      0 |   1 |    1.0 |
        Bailey |    796 |    796 |      0 |    348 |    115 |   1 |  796.0 |
               +--------+--------+--------+--------+--------+-----+--------+

Top non-repeatable levels by time:
     D:4: 1105 daAuts
     D:3: 856 daAuts
  Bailey: 796 daAuts
     D:5: 777 daAuts
     D:6: 661 daAuts
     D:1: 645 daAuts
     D:2: 624 daAuts
    D:10: 427 daAuts
     D:9: 290 daAuts
     D:7: 145 daAuts
  Temple: 1 daAuts
